 Dungeon Crawl Stone Soup version 0.23-a0-612-gcb482e9 (webtiles) character file.

1453 mhoghedin the Cutter (level 9, -5/52 HPs)
             Began as a Kobold Berserker on Dec 21, 2018.
             Was a Priest of Trog.
             Killed from afar by an electric eel (11 damage)
             ... with a bolt of electricity
             ... on level 6 of the Dungeon on Dec 22, 2018.
             The game lasted 00:11:22 (5176 turns).

mhoghedin the Cutter (Kobold Berserker)             Turns: 5176, Time: 00:11:22

Health: -5/52      AC:  3    Str: 17    XL:     9   Next: 5%
Magic:  9/9        EV: 16    Int:  9    God:    Trog [***...]
Gold:   206        SH:  0    Dex: 14    Spells: 8/8 levels left

rFire    . . .     SeeInvis .   x - +0 scimitar (elec)
rCold    . . .     Gourm    .   (shield restricted)
rNeg     . . .     Faith    .   d - +0 animal skin
rPois    .         Spirit   .   (no helmet)
rElec    .         Reflect  .   (no cloak)
rCorr    .         Harm     .   (no gloves)
MR       .....                  i - +0 pair of boots
Stlth    ++........             (no amulet)
HPRegen  0.17/turn              (no ring)
MPRegen  0.11/turn              (no ring)

@: no status effects
A: small, carnivore
a: Berserk, Trog's Hand, Renounce Religion


You were on level 6 of the Dungeon.
You worshipped Trog.
Trog was most pleased with you.
You were not hungry.

You visited 1 branch of the dungeon, and saw 6 of its levels.

You collected 206 gold pieces.

Inventory:

Hand Weapons
 a - a +0 blowgun
   (You took it off a kobold on level 3 of the Dungeon)
 b - a +2 short sword of venom
   (You took it off an orc on level 4 of the Dungeon)
 o - a +0 mace
 x - a +0 scimitar of electrocution (weapon)
   (You took it off an orc warrior on level 6 of the Dungeon)
Missiles
 p - 14 poisoned needles
 y - 3 poisoned tomahawks (quivered)
Armour
 d - a +0 animal skin (worn)
 i - a +0 pair of boots (worn)
   (You found it on level 1 of the Dungeon)
 n - a +0 pair of gloves
   (You found it on level 3 of the Dungeon)
Scrolls
 g - a scroll of enchant weapon {unknown}
 h - 2 scrolls of teleportation {unknown}
 j - 2 scrolls of identify {unknown}
 k - 3 scrolls of remove curse
 l - a scroll of fear {unknown}
 s - a scroll of noise {unknown}
 t - a scroll of fog {unknown}
 z - a scroll of random uselessness {unknown}
Potions
 e - 5 potions of heal wounds
 f - a potion of lignification {unknown}
 m - a potion of resistance {unknown}
 q - a potion of brilliance {unknown}
 r - 2 potions of flight {unknown}
 u - a potion of cancellation {unknown}
 v - 3 potions of degeneration {unknown}
 w - a potion of curing {unknown}
Comestibles
 c - 9 rations


   Skills:
 + Level 4.3 Fighting
 - Level 7.9(8.0) Short Blades
 + Level 0.8(3.2) Long Blades
 - Level 2.7 Maces & Flails
 - Level 7.4 Throwing
 - Level 1.9 Armour
 + Level 4.0 Dodging
 - Level 3.5 Stealth


You had 8 spell levels left.
You didn't know any spells.
Your spell library was empty.

Dungeon Overview and Level Annotations

Branches:
Dungeon (6/15)
 Temple: D:4-7

Altars:
Cheibriados
Fedhas
Gozag
Hepliaklqana
Ru

Shops:
D:4 =


Innate Abilities, Weirdness & Mutations

You are small and have problems with some larger weapons.
You are carnivorous and can eat meat at any time.


Message History

c - 8 rations (gained 1)
You now have 202 gold pieces (gained 10).
You open the door.
There is an open door here.
c - 9 rations (gained 1)
You open the door.
There is an open door here.
You now have 205 gold pieces (gained 3).
As you open the door, it creaks loudly!
There is an open door here.
There is an open door here.
You open the door.
An orc comes into view.
An orc comes into view. It is wielding a +0 club.
Found a stone staircase leading up.
There is an open door here.
There are monsters nearby! 2 orcs come into view.
An orc priest comes into view. It is wielding a +0 hand axe.
The orc shouts!
The orc priest shouts!
The orc shouts! x2
You hit the orc but do no damage. Lightning courses through the orc!
You kill the orc!
Trog accepts your kill.
You hit the orc priest. The orc priest misses you.
You riposte.
You hit the orc priest but do no damage.
The orc barely misses you.
You hit the orc priest but do no damage.
Lightning courses through the orc priest!
You kill the orc priest!
Trog accepts your kill. The orc hits you but does no damage.
You closely miss the orc. The orc misses you.
You riposte.
You slash the orc!
You kill the orc!
Trog accepts your kill. The orc barely misses you.
You closely miss the orc. The orc hits you with a +0 hand axe!
The orc misses you.
You riposte.
You hit the orc. Lightning courses through the orc!
You kill the orc!
Trog accepts your kill.
You take 9 damage, and have 43/52 hp.
You closely miss the orc. The orc closely misses you.
You slash the orc!
You kill the orc!
Trog accepts your kill.
No target in view!
No target in view!
No target in view!
No target in view!
No target in view!
No target in view!
No target in view!
No target in view!
No target in view!
No target in view!
No target in view!
No target in view!
No target in view!
No target in view!
No target in view!
No target in view!
No target in view!
No target in view!
No target in view!
Things that are here:
a +0 hand axe; a +0 chain mail; an orc corpse
Items here: ) [[ †† a +0 club; a +0 ring mail; a +0 leather armour; an orc corpse x2
You now have 206 gold pieces (gained 1).
Things that are here:
a +0 hand axe; an orc corpse An electric eel comes into view.
Health restored: 52 An electric eel is nearby!
You enter the shallow water.
Moving in this stuff is going to be slow.
The electric eel shoots out a bolt of lightning at you!
The bolt of electricity misses you.
The electric eel shoots out a bolt of lightning at you!
The bolt of electricity hits you!
You take 7 damage, and have 45/52 hp.
The electric eel shoots out a bolt of lightning at you!
The bolt of electricity hits you!
You take 16 damage, and have 29/52 hp.
MASSIVE DAMAGE!!
You are too injured to fight recklessly!
You are too injured to fight recklessly!
You are too injured to fight recklessly!
You slash the electric eel! You barely miss the electric eel.
The electric eel shoots out a bolt of lightning at you!
The bolt of electricity misses you. The bolt of electricity hits you!
You take 10 damage, and have 19/52 hp.
You closely miss the electric eel.
The electric eel shoots out a bolt of lightning at you!
The bolt of electricity hits you!
* * * LOW HITPOINT WARNING * * *
The bolt of electricity hits you!
You die...

.....................# #.....#
.........≈........≈≈≈♣♣##.....#
.......♣≈≈≈.≈≈≈≈P≈≈≈≈P≈≈......#
.......≈ ≈P≈≈P≈≈P≈≈≈PP≈≈♣.....#
≈≈≈≈≈≈≈≈≈≈≈≈≈≈P......#
P≈≈≈≈≈≈≈P≈P≈♣♣.......#
≈≈≈≈≈≈≈≈≈≈♣♣....######
≈P≈≈♣≈≈;#.......# .
♣♣≈@#.......# ........+.......#
...#....#.......# #
##############


You could see an electric eel.

Vanquished Creatures
  Grinder (D:5)
  2 orc warriors (D:6)
  An ogre (D:5)
  2 bullfrogs
  3 scorpions (D:5)
  A howler monkey (D:5)
  A crimson imp (D:6)
  A jelly (D:6)
  A hound (D:4)
  2 orc priests
  A centaur skeleton (D:4)
  3 orc wizards
  5 worker ants
  A hound zombie (D:5)
  7 adders
  8 gnolls
  An ooze (D:5)
  5 worms
  A dart slug (D:1)
  4 leopard geckos
  21 orcs
  2 ball pythons
  5 bats
  6 giant cockroaches
  13 goblins
  4 hobgoblins
  7 jackals (D:2)
  2 quokkas
  3 frilled lizards
  9 kobolds
  A leopard gecko zombie (D:3)
  4 rats
128 creatures vanquished.

Notes
Turn   | Place    | Note
-------+----------+-------------------------------------------
     0 | D:1      | mhoghedin the Kobold Berserker began the quest for the Orb.
     0 | D:1      | Reached XP level 1. HP: 14/14 MP: 1/1
   157 | D:1      | Reached XP level 2. HP: 14/19 MP: 2/2
   382 | D:1      | Reached skill level 1 in Stealth
   452 | D:1      | Reached skill level 1 in Short Blades
   471 | D:1      | Reached XP level 3. HP: 14/23 MP: 3/3
  1191 | D:2      | Reached skill level 3 in Dodging
  1209 | D:2      | Reached ** piety under Trog
  1233 | D:2      | Reached skill level 2 in Stealth
  1233 | D:2      | Reached XP level 4. HP: 29/29 MP: 4/4
  1243 | D:2      | Found a blossoming altar of Fedhas.
  1366 | D:2      | Reached skill level 2 in Short Blades
  1578 | D:2      | Reached skill level 4 in Fighting
  1707 | D:3      | Reached XP level 5. HP: 29/33 MP: 5/5
  1733 | D:3      | Noticed a bullfrog
  1757 | D:3      | Killed a bullfrog
  1757 | D:3      | Reached skill level 3 in Stealth
  1767 | D:3      | Reached skill level 3 in Short Blades
  1767 | D:3      | Reached XP level 6. HP: 34/39 MP: 6/6
  1825 | D:3      | Reached skill level 4 in Dodging
  1872 | D:3      | Reached *** piety under Trog
  1894 | D:3      | Reached skill level 1 in Throwing
  2170 | D:3      | Reached skill level 2 in Throwing
  2337 | D:3      | Found a sacrificial altar of Ru.
  2736 | D:4      | Reached skill level 3 in Throwing
  3078 | D:4      | Found a snail-covered altar of Cheibriados.
  3160 | D:4      | Found Ralad's Jewellery Boutique.
  3310 | D:4      | Reached skill level 4 in Throwing
  3310 | D:4      | Reached XP level 7. HP: 44/44 MP: 7/7
  3491 | D:5      | Entered Level 5 of the Dungeon
  3521 | D:5      | Noticed Grinder
  3740 | D:5      | Reached skill level 4 in Short Blades
  3769 | D:5      | Killed Grinder
  3769 | D:5      | Reached skill level 5 in Short Blades
  3769 | D:5      | Reached skill level 5 in Throwing
  3769 | D:5      | Reached XP level 8. HP: 41/48 MP: 8/8
  3832 | D:5      | Reached skill level 6 in Short Blades
  3845 | D:5      | Reached skill level 6 in Throwing
  4193 | D:6      | Reached skill level 7 in Short Blades
  4405 | D:6      | Reached skill level 7 in Throwing
  4624 | D:6      | Found a hazy altar of Hepliaklqana.
  4740 | D:6      | Reached XP level 9. HP: 27/52 MP: 9/9
  4962 | D:6      | Found an opulent altar of Gozag.
  5176 | D:6      | HP: 6/52 [electric eel/bolt of electricity (14)]
  5176 | D:6      | Killed from afar by an electric eel

Vault maps used:
D:1:      scummos_arrival_simple_crosswalls
D:2:      fedhas_altar_2
D:3:      nicolae_ru_path_of_blood, minivault_25
D:4:      kennysheep_little_box, serial_shops, shop, first_ration,
          serial_column_ruins, column_ruins_grid_1, column_ruins_grid_1,
          column_ruins_open_medium, column_ruins_grid_1,
          column_ruins_open_large, column_ruins_columns_dead_end,
          column_ruins_corridor_corner
D:5:      kennysheep_mini, mrwooster_statue_mirror, uniq_grinder, uniq_sigmund
D:6:      lemuel_coloured_pillars_altar, overflow_temple_1_default,
          overflow_temple_1_default, temple_green, serial_bayou,
          serial_bayou_pond_e, serial_bayou_pond_e, serial_bayou_pond_a,
          serial_bayou_ford_a

Skill      XL: |  1  2  3  4  5  6  7  8 |
---------------+-------------------------+-----
Stealth        | 1 2 3 |  3.5
Short Blades   | 1 2 3 5 7 |  7.9
Dodging        | 3 4 |  4.0
Fighting       | 4 |  4.3
Throwing       | 4 5 7 |  7.4
Long Blades    | |  0.8
Maces & Flails | |  2.7
Armour         | |  1.9

Action                   |  1- 3 |  4- 6 |  7- 9 || total
-------------------------+-------+-------+-------++-------
Melee: Dagger            |    83 |   171 |     8 ||   262
       Mace              |     4 |       |       ||     4
       Short sword       |       |       |   116 ||   116
       Scimitar          |       |       |    10 ||    10
 Fire: Blowgun           |       |    24 |     7 ||    31
Throw: Tomahawk          |       |       |     5 ||     5
Invok: Berserk           |     1 |     3 |     5 ||     9
       Trog's Hand       |       |     1 |     2 ||     3
  Use: Scroll            |       |     2 |       ||     2
       Potion            |       |       |     1 ||     1
 Stab: Sleeping          |     5 |    10 |     2 ||    17
  Eat: Chunk             |     7 |     9 |     4 ||    20
       Ration            |       |       |     2 ||     2
Armor: Animal skin       |    10 |    20 |     7 ||    37
Dodge: Dodged            |    53 |   133 |    90 ||   276
       Rpst.: Scimitar   |       |       |     3 ||     3

Table legend:
 A = Non-vault XP
 B = Vault XP
 C = Vault XP percentage of total XP
 D = Non-vault monster count
 E = Vault monster count
 F = Vault count percentage of total count
                 A         B        C        D         E       F
            +---------+---------+-------+---------+---------+-------
      Total |    1805 |     272 |  13.1 |     127 |       1 |   0.8
            +---------+---------+-------+---------+---------+-------
        D:1 |      36 |       0 |   0.0 |      17 |       0 |   0.0
        D:2 |      97 |       0 |   0.0 |      33 |       0 |   0.0
        D:3 |     246 |       0 |   0.0 |      26 |       0 |   0.0
        D:4 |     182 |       0 |   0.0 |      10 |       0 |   0.0
        D:5 |     667 |     272 |  29.0 |      20 |       1 |   4.8
        D:6 |     577 |       0 |   0.0 |      21 |       0 |   0.0
            +---------+---------+-------+---------+---------+-------

Vault maps used:
D:1:      scummos_arrival_simple_crosswalls
D:2:      fedhas_altar_2
D:3:      nicolae_ru_path_of_blood, minivault_25
D:4:      kennysheep_little_box, serial_shops, shop, first_ration,
          serial_column_ruins, column_ruins_grid_1, column_ruins_grid_1,
          column_ruins_open_medium, column_ruins_grid_1,
          column_ruins_open_large, column_ruins_columns_dead_end,
          column_ruins_corridor_corner
D:5:      kennysheep_mini, mrwooster_statue_mirror, uniq_grinder, uniq_sigmund
D:6:      lemuel_coloured_pillars_altar, overflow_temple_1_default,
          overflow_temple_1_default, temple_green, serial_bayou,
          serial_bayou_pond_e, serial_bayou_pond_e, serial_bayou_pond_a,
          serial_bayou_ford_a

Table legend:
 A = Turns spent in this place as a percentage of turns spent in the entire game.
 B = Non-inter-level travel turns spent in this place as a percentage of non-inter-level travel turns spent in the entire game.
 C = Inter-level travel turns spent in this place as a percentage of turns spent in this place.
 D = Turns resting spent in this place as a percentage of non-inter-level travel turns spent in this place.
 E = Turns spent auto-exploring this place as a percentage of non-inter-level travel turns spent in this place.
 F = Non-inter-level travel turns spent in this place divided by the number of levels of this place that you've seen.
                   A       B       C       D       E      F
               +-------+-------+-------+-------+-------+----------------------
         Total | 100.0 | 100.0 |   2.6 |  23.6 |  54.5 | 840.5
       Dungeon | 100.0 | 100.0 |   2.6 |  23.6 |  54.5 | 840.5
               +-------+-------+-------+-------+-------+----------------------

Table legend:
 A = Kills in this place as a percentage of kills in entire the game.
 B = Kills by you in this place as a percentage of kills by you in the entire game.
 C = Kills by friends in this place as a percentage of kills by friends in the entire game.
 D = Other kills in this place as a percentage of other kills in the entire game.
 E = Experience gained in this place as a percentage of experience gained in the entire game.
 F = Experience gained in this place divided by the number of levels of this place that you have seen.
                   A       B       C       D       E      F
               +-------+-------+-------+-------+-------+----------------------
         Total | 100.0 | 100.0 |   N/A |   N/A | 100.0 | 346.2
       Dungeon | 100.0 | 100.0 |   N/A |   N/A | 100.0 | 346.2
               +-------+-------+-------+-------+-------+----------------------
